 Dungeon Crawl Stone Soup version 0.22.1-1-ga44c0e56f4 (webtiles) character file.

68525 Peloso the Peltast (level 14, -7/127 HPs)
             Began as a Minotaur Fighter on Oct 29, 2018.
             Was the Champion of Okawaru.
             Killed from afar by a tengu reaver (46 damage)
             ... with a bolt of acid
             ... on level 13 of the Dungeon.
             The game lasted 00:57:26 (22587 turns).

Peloso the Peltast (Minotaur Fighter)              Turns: 22587, Time: 00:57:27

Health: -7/127     AC: 28    Str: 24    XL:     14   Next: 87%
Magic:  16/16      EV:  7    Int:  8    God:    Okawaru [******]
Gold:   1406       SH: 17    Dex: 16    Spells: 13/13 levels left

rFire    . . .     SeeInvis .   a - +1 demon blade "Spiderbane" {pain, +Fly}
rCold    + + .     Gourm    .   c - +2 shield
rNeg     . . .     Faith    +   b - +1 crystal plate armour "Maunel" {rElec rC+ Dex+4}
rPois    .         Spirit   .   t - +0 hat {MR+}
rElec    +         Reflect  .   (no cloak)
rCorr    .         Harm     .   q - +0 pair of gloves {archery}
MR       +++..                  U - +2 pair of boots "Sezutwis" {+Inv rElec rC+ Int+3}
Stlth    ..........             E - amulet of faith
HPRegen  0.31/turn              (no ring)
MPRegen  0.15/turn              x - ring of protection from magic

@: lethally poisoned (-7 -> -34), drained
A: retaliatory headbutt, horns 2
a: Heroism, Finesse, Renounce Religion, Evoke Invisibility, Evoke Flight


You were on level 13 of the Dungeon.
You worshipped Okawaru.
Okawaru was exalted by your worship.
You were not hungry.

You visited 4 branches of the dungeon, and saw 22 of its levels.

You collected 1870 gold pieces.
You spent 464 gold pieces at shops.

Inventory:

Hand Weapons
 a - the +1 demon blade "Spiderbane" (weapon) {pain, +Fly}
   (Okawaru gifted it to you on level 1 of the Orcish Mines)

   In the hands of one skilled in necromantic magic, it inflicts extra damage on
   living creatures.
   It lets you fly.
 n - a +2 falchion of slicing
Armour
 b - the +1 crystal plate armour "Maunel" (worn) {rElec rC+ Dex+4}
   (Okawaru gifted it to you on level 12 of the Dungeon)

   It affects your dexterity (+4).
   It protects you from cold.
   It insulates you from electricity.
 c - a +2 shield (worn)
 q - a +0 pair of gloves of archery (worn)
 t - a +0 hat of magic resistance (worn)
 U - the +2 pair of boots "Sezutwis" (worn) {+Inv rElec rC+ Int+3}
   (You found it on level 1 of the Lair of Beasts)

   It affects your intelligence (+3).
   It protects you from cold.
   It insulates you from electricity.
   It lets you turn invisible.
Jewellery
 e - an uncursed ring of ice
 s - an uncursed ring of protection from fire
 x - a ring of protection from magic (right hand)
 z - an uncursed ring of see invisible
 E - an amulet of faith (around neck)
 I - an uncursed amulet of guardian spirit
 V - an uncursed ring of flight
Scrolls
 g - a scroll of identify
 k - 5 scrolls of remove curse
 o - a scroll of summoning
 r - a scroll of enchant armour
 v - 3 scrolls of magic mapping
 G - 2 scrolls of noise
 L - a scroll of blinking
 M - a scroll of silence
 P - 2 scrolls of fear {unknown}
 Q - 2 scrolls of teleportation
Potions
 d - 3 potions of might
 h - 3 potions of agility
 i - 4 potions of flight
 j - a potion of mutation
 l - 2 potions of invisibility
 m - 4 potions of haste
 p - 3 potions of heal wounds
 u - 5 potions of curing
 w - a potion of resistance
Comestibles
 f - 35 rations


   Skills:
 + Level 12.3(10.9) Fighting
 + Level 14.7(13.3) Long Blades
 + Level 14.1(12.7) Armour
 + Level 4.7(3.5) Dodging
 + Level 0.6(0.0) Stealth
 + Level 18.7(17.1) Shields
 + Level 4.0(2.9) Invocations


You had 13 spell levels left.
You didn't know any spells.
Your spell library contained the following spells:

 Spells                   Type           Power        Failure   Level  Hunger
 Flame Tongue             Conj/Fire      #....        100%        1    ##.....
 Magic Dart               Conj           #...         100%        1    ##.....
 Summon Small Mammal      Summ           #...         100%        1    ##.....
 Blink                    Tloc           N/A          100%        2    ###....
 Call Imp                 Summ           #.......     100%        2    ###....
 Slow                     Hex            #.......     100%        2    ###....
 Throw Flame              Conj/Fire      #.....       100%        2    ###....
 Call Canine Familiar     Summ           #.......     100%        3    ####...
 Conjure Flame            Conj/Fire      #.......     100%        3    ####...
 Inner Flame              Hex/Fire       #.......     100%        3    ####...
 Mephitic Cloud           Conj/Pois/Air  #.......     100%        3    ####...
 Summon Guardian Golem    Hex/Summ       #.......     100%        3    ####...
 Tukima's Dance           Hex            #.......     100%        3    ####...
 Leda's Liquefaction      Hex/Erth       #.........   100%        4    #####..
 Sticky Flame             Conj/Fire      #.......     100%        4    #####..
 Summon Ice Beast         Ice/Summ       #.......     100%        4    #####..
 Summon Lightning Spire   Summ/Air       #.......     100%        4    #####..
 Fireball                 Conj/Fire      #.........   100%        5    ######.
 Bolt of Fire             Conj/Fire      #.........   100%        6    #######


Dungeon Overview and Level Annotations

Branches:
Dungeon (13/15)            Temple (1/1) D:5            Lair (6/6) D:9
  Swamp (0/4) Lair:2       Spider (0/4) Lair:3        Slime (0/5) Lair:5
    Orc (2/2) D:9             Elf (0/3) Orc:2
 Vaults: D:13-14

Altars:
Ashenzari
Cheibriados
Dithmenos
Elyvilon
Fedhas
Gozag
Hepliaklqana
Kikubaaqudgha
Makhleb
Nemelex Xobeh
Okawaru
Qazlal
Ru
Sif Muna
Trog
Uskayaw
Vehumet
Wu Jian
Xom
Yredelemnul
Zin
The Shining One
Beogh

Shops:
D:7 ?   D:9 :   D:12 [   Orc:1 *   Orc:2 }*%*

Annotations:
D:13 Americanboy's ghost, journeyman GrEE


Innate Abilities, Weirdness & Mutations

You reflexively headbutt those who attack you in melee.
You have a pair of horns on your head.


Message History

You miss the tengu reaver. Your headbutt misses the tengu reaver.
The tengu reaver is severely wounded.
You feel sick.
The tengu reaver hits you with a battleaxe.
The tengu reaver pecks you but does no damage.
The tengu reaver claws you but does no damage.
Unknown command.
You miss the tengu reaver.
The tengu reaver is severely wounded.
You feel sick.
Unknown command.
You miss the tengu reaver.
The tengu reaver is severely wounded.
You feel sick.
You completely miss the tengu reaver. Your headbutt misses the tengu reaver.
The tengu reaver is severely wounded.
You feel sick.
The tengu reaver gestures at you while chanting.
The bolt of acid hits you!
You die...

.........#
##...#.....#......
.........#
#....###'###......
.........#
#.................
.........#
#.............####
..######.#
###.............# ..#
#.#####...............#
..#
#.....................#
..#
#...#####§§...........#
..######...#
§W#@.#######....#
...........# §*Q§.#
#..### ..##########
§§#§## #..#
..#........####### #..#
÷.#........#....#
#..######
..#..[.....#....#
#..).....
..'........#....#
#.....###
..#####....#....#
#.....#
......######....#
#.....#


You could see a tengu reaver, a battlesphere and Americanboy's ghost.

Vanquished Creatures
  A stone giant (Orc:2)
  Nessos (D:12)
  The ghost of Flubber the Grappler, a journeyman TrMo of Zin (Lair:1)
  Erolcha (D:10)
  Fannar (Lair:2)
  2 two-headed ogres (D:8)
  6 hydras
  9 death yaks (Lair:6)
  Urug (Lair:5)
  3 orc high priests
  Nergalle (D:12)
  2 unseen horrors
  5 orc knights
  4 orc sorcerers
  An oklob plant (D:12)
  2 ugly things
  A cyclops (D:11)
  A manticore (D:13)
  3 black mambas
  Maurice (D:12)
  2 torpor snails
  24 spiny frogs
  A gargoyle (D:12)
  A kobold demonologist (D:12)
  2 rime drakes (Lair:6)
  12 komodo dragons
  10 trolls
  A jumping spider (Lair:3)
  4 tyrant leeches (Lair:6)
  Prince Ribbit (D:5)
  A hornet (D:12)
  25 blink frogs
  2 dream sheep (Lair:6)
  8 hippogriffs
  7 slime creatures
  Sigmund (D:4)
  2 wyverns
  24 yaks
  A spriggan (D:12)
  3 shadows
  2 basilisks
  2 hungry ghosts
  A steam dragon (D:10)
  Menkaure (D:7)
  8 vampire mosquitoes
  4 wargs
  2 soldier ants
  13 water moccasins
  5 porcupines
  5 sky beasts
  3 ice beasts
  19 orc warriors
  2 black bears (D:8)
  An eye of draining (D:10)
  A necrophage (D:5)
  11 ogres
  9 wolves (Lair:2)
  5 centaurs
  11 crocodiles
  A big kobold (D:13)
  30 bullfrogs
  A wyvern zombie (D:8)
  2 scorpions
  17 killer bees
  4 electric eels
  3 howler monkeys
  6 crimson imps
  A centaur zombie (D:8)
  A quasit (D:7)
  24 orc priests
  4 bullfrog zombies
  A centaur skeleton (D:4)
  A bullfrog skeleton (D:8)
  3 hounds
  A jelly (Lair:5)
  Terence (D:2)
  21 orc wizards
  3 iguanas
  8 worker ants
  A killer bee zombie (D:6)
  Robin (D:2)
  9 adders
  2 adder skeletons
  An adder zombie (D:8)
  3 worms
  3 dart slugs
  9 leopard geckos
  77 orcs
  A ball python (D:3)
  8 giant cockroaches
  15 goblins
  4 hobgoblins
  4 jackals (D:8)
  6 quokkas
  7 bats
  6 frilled lizards
  13 kobolds
  2 quokka zombies
  9 rats
  2 plants
600 creatures vanquished.

Vanquished Creatures (others)
  An orc priest (Orc:2)
  An orc wizard (Orc:2)
  A bush (Lair:6)
  15 fungi
  59 plants
77 creatures vanquished.

Grand Total: 677 creatures vanquished

Notes
Turn   | Place    | Note
-------+----------+-------------------------------------------
     0 | D:1      | Peloso the Minotaur Fighter began the quest for the Orb.
     0 | D:1      | Reached XP level 1. HP: 19/19 MP: 0/0
   129 | D:1      | Reached XP level 2. HP: 27/27 MP: 1/1
   412 | D:2      | Noticed Robin
   673 | D:1      | Reached skill level 4 in Shields
   726 | D:2      | Reached XP level 3. HP: 33/33 MP: 2/2
   734 | D:2      | Killed Robin
   819 | D:2      | Reached XP level 4. HP: 40/40 MP: 3/3
  1017 | D:2      | Reached skill level 1 in Dodging
  1057 | D:2      | Found a shattered altar of Ashenzari.
  1061 | D:2      | Saw a vision of the Swamp and the Spider Nest.
  1061 | D:2      | Noticed a redback
  1061 | D:2      | Noticed a water moccasin
  1061 | D:2      | Noticed a redback
  1061 | D:2      | Noticed a swamp drake
  1061 | D:2      | Noticed a swamp drake
  1062 | D:2      | Noticed a redback
  1062 | D:2      | Noticed a bullfrog
  1072 | D:2      | Noticed Terence
  1286 | D:2      | Killed Terence
  1286 | D:2      | Reached XP level 5. HP: 33/47 MP: 4/4
  1533 | D:3      | Reached skill level 5 in Shields
  1688 | D:3      | Found a bloodstained altar of Trog.
  1720 | D:3      | Reached XP level 6. HP: 39/53 MP: 5/5
  1792 | D:3      | Reached skill level 5 in Long Blades
  2149 | D:4      | Reached skill level 6 in Shields
  2276 | D:4      | Noticed Sigmund
  2290 | D:4      | Killed Sigmund
  2290 | D:4      | Reached skill level 5 in Armour
  2290 | D:4      | Reached XP level 7. HP: 49/60 MP: 6/6
  2675 | D:5      | Entered Level 5 of the Dungeon
  2712 | D:5      | Reached skill level 7 in Shields
  2790 | D:5      | Found a sparkling altar of Nemelex Xobeh.
  2842 | D:5      | Reached skill level 5 in Fighting
  3073 | D:5      | Found a snail-covered altar of Cheibriados.
  3103 | D:5      | Found a staircase to the Ecumenical Temple.
  3115 | Temple   | Entered the Ecumenical Temple
  3171 | D:5      | Noticed Prince Ribbit
  3291 | D:5      | Killed Prince Ribbit
  3291 | D:5      | Reached XP level 8. HP: 23/68 MP: 7/7
  3591 | D:5      | Found an iron altar of Okawaru.
  3592 | D:5      | Found a burning altar of Makhleb.
  3594 | D:5      | Became a worshipper of Warmaster Okawaru
  3921 | D:6      | Found a shadowy altar of Dithmenos.
  4204 | D:6      | Reached skill level 8 in Shields
  4247 | D:6      | Reached * piety under Okawaru
  4737 | D:7      | Found Xas Hiku's Magic Scroll Emporium.
  4751 | D:7      | Reached XP level 9. HP: 39/75 MP: 8/8
  4832 | D:7      | Reached ** piety under Okawaru
  5161 | D:7      | Reached skill level 9 in Shields
  5167 | D:7      | Noticed Menkaure
  5171 | D:7      | Killed Menkaure
  5233 | D:7      | Bought a scroll of enchant armour for 90 gold pieces
  5233 | D:7      | Bought a scroll of enchant weapon for 90 gold pieces
  5235 | D:7      | Bought a scroll of remove curse for 36 gold pieces
  5504 | D:8      | Found a glowing silver altar of Zin.
  5642 | D:8      | Noticed a two-headed ogre
  5670 | D:8      | Killed a two-headed ogre
  5670 | D:8      | Reached *** piety under Okawaru
  5670 | D:8      | Reached skill level 10 in Shields
  5746 | D:8      | Reached XP level 10. HP: 79/84 MP: 9/9
  5870 | D:8      | Reached skill level 11 in Shields
  5920 | D:8      | Noticed a two-headed ogre
  5930 | D:8      | Killed a two-headed ogre
  5930 | D:8      | Reached **** piety under Okawaru
  5930 | D:8      | Reached skill level 10 in Long Blades
  6408 | D:9      | Found a staircase to the Lair.
  6446 | D:8      | Reached ***** piety under Okawaru
  7219 | D:9      | Found a glowing golden altar of the Shining One.
  7308 | D:9      | Found a staircase to the Orcish Mines.
  7312 | D:9      | Reached skill level 12 in Shields
  7324 | D:9      | Found a roughly hewn altar of Beogh.
  7406 | D:9      | Received a gift from Okawaru
  7444 | D:9      | Found Itoluk's Book Boutique.
  7489 | D:9      | Found a stormy altar of Qazlal.
  7922 | D:10     | Entered Level 10 of the Dungeon
  8010 | D:10     | Identified the Papyrus of the Rat
  8027 | D:10     | Noticed Erolcha
  8037 | D:10     | Killed Erolcha
  8037 | D:10     | Received a gift from Okawaru
  8037 | D:10     | Reached XP level 11. HP: 65/92 MP: 10/10
  8235 | D:10     | Killed an unseen horror
  8417 | D:10     | Reached skill level 10 in Armour
  8765 | D:11     | Killed an unseen horror
  8765 | D:11     | Reached skill level 13 in Shields
  9464 | D:11     | Noticed a red ugly thing
  9476 | D:11     | Killed a red ugly thing
  9869 | D:12     | Received a gift from Okawaru
  9975 | D:11     | Reached skill level 1 in Invocations
 10113 | D:12     | Found Hamn's Antique Armour Boutique.
 10357 | D:12     | Received a gift from Okawaru
 10415 | D:12     | Noticed a cyan ugly thing
 10431 | D:12     | Killed a cyan ugly thing
 10431 | D:12     | Reached ****** piety under Okawaru
 10468 | D:12     | Noticed Nessos
 10496 | D:12     | Killed Nessos
 10496 | D:12     | Reached XP level 12. HP: 40/104 MP: 11/11
 10792 | D:12     | Found an opulent altar of Gozag.
 10840 | D:12     | Reached skill level 14 in Shields
 10897 | D:12     | Noticed Nergalle
 10908 | D:12     | Killed Nergalle
 10910 | D:12     | Noticed Maurice
 10918 | D:12     | Killed Maurice
 11200 | D:12     | Received a gift from Okawaru
 11209 | D:12     | Got a fine crystal plate armour {god gift}
 11348 | D:12     | Identified the +1 crystal plate armour "Maunel" {rElec rC+
                  | Dex+4} (Okawaru gifted it to you on level 12 of the
                  | Dungeon)
 11818 | D:13     | Found a runed door.
 11822 | D:13     | Noticed a tengu reaver
 11823 | D:13     | Noticed Americanboy's ghost (journeyman GrEE)
 11914 | D:13     | Noticed a six-headed hydra
 11929 | D:13     | Killed a 14-headed hydra
 12166 | Lair:1   | Entered Level 1 of the Lair of Beasts
 12188 | Lair:1   | Found a transporter.
 12190 | Lair:1   | Noticed Flubber's ghost (journeyman TrMo)
 12325 | Lair:1   | Reached skill level 15 in Shields
 12492 | Lair:1   | Found the +8 whip "Snakebite" {curare, rPois}
 12789 | Lair:1   | Found a transporter.
 13041 | Lair:1   | Killed Flubber's ghost
 13081 | Lair:1   | Got a pair of pitted boots
 13092 | Lair:1   | Identified the +2 pair of boots "Sezutwis" {+Inv rElec rC+
                  | Int+3} (You found it on level 1 of the Lair of Beasts)
 13113 | Lair:1   | Got a slimy shortbow
 13274 | Lair:2   | Received a gift from Okawaru
 13274 | Lair:2   | Reached skill level 10 in Fighting
 13309 | Lair:2   | Reached XP level 13. HP: 101/113 MP: 13/13
 13325 | Lair:2   | Noticed Fannar
 13351 | Lair:2   | Killed Fannar
 13476 | Lair:2   | Found a staircase to the Swamp.
 13886 | Lair:2   | Received a gift from Okawaru
 13975 | Lair:2   | Reached skill level 16 in Shields
 14307 | Lair:3   | Found a hole to the Spider Nest.
 16071 | Lair:5   | Noticed Urug
 16086 | Lair:5   | Killed Urug
 16086 | Lair:5   | Received a gift from Okawaru
 16457 | Lair:5   | Found a staircase to the Slime Pits.
 16807 | Lair:6   | Entered Level 6 of the Lair of Beasts
 16998 | Lair:6   | Reached skill level 17 in Shields
 17243 | Lair:6   | Reached XP level 14. HP: 88/124 MP: 13/15
 17319 | Lair:6   | Received a gift from Okawaru
 18401 | Lair:6   | Reached skill level 18 in Shields
 19078 | Orc:1    | Entered Level 1 of the Orcish Mines
 19281 | Orc:2    | Entered Level 2 of the Orcish Mines
 19297 | Orc:2    | Found a staircase to the Elven Halls.
 19608 | Orc:2    | Found Fymaud's General Store.
 19628 | Orc:2    | Paralysed by an orc sorcerer for 5 turns
 19902 | Orc:1    | Paralysed by an orc sorcerer for 3 turns
 20080 | Orc:1    | Received a gift from Okawaru
 20085 | Orc:1    | Got a bloodstained demon blade {god gift}
 20086 | Orc:1    | Identified the +1 demon blade "Spiderbane" {pain, +Fly}
                  | (Okawaru gifted it to you on level 1 of the Orcish Mines)
 20986 | Orc:2    | Found Casacosa's Gadget Boutique.
 20987 | Orc:2    | Found Noesoruu's Food Shoppe.
 20987 | Orc:2    | Found Nodetz's General Store.
 21003 | Orc:2    | Bought a scroll of identify for 32 gold pieces
 21013 | Orc:2    | Bought a scroll of enchant armour for 82 gold pieces
 21013 | Orc:2    | Bought a potion of might for 44 gold pieces
 21116 | Orc:2    | Received a gift from Okawaru
 21426 | Orc:1    | Found Haosaimy's General Store.
 21426 | Orc:1    | Noticed a stone giant
 22050 | Orc:2    | Killed a stone giant
 22267 | Orc:1    | Bought a scroll of identify for 30 gold pieces
 22267 | Orc:1    | Bought a scroll of identify for 30 gold pieces
 22267 | Orc:1    | Bought a scroll of identify for 30 gold pieces
 22587 | D:13     | Killed from afar by a tengu reaver

Skill      XL: |  1  2  3  4  5  6  7  8  9 10 11 12 13 14 |
---------------+-------------------------------------------+-----
Armour         | 4 5 7 8 9 11 12 13 14 | 14.1
Fighting       | 4 5 6 7 9 10 11 12 | 12.3
Shields        | 4 5 6 7 8 10 12 13 15 17 18 | 18.7
Long Blades    | 3 4 5 6 8 9 10 12 13 14 | 14.7
Dodging        | 1 2 3 4 |  4.7
Invocations    | 1 2 3 4 |  4.0
Stealth        | |  0.6

Action                   |  1- 3 |  4- 6 |  7- 9 | 10-12 | 13-15 || total
-------------------------+-------+-------+-------+-------+-------++-------
Melee: Long sword        |    63 |   136 |       |       |       ||   199
       Headbutt          |     5 |    29 |    64 |   220 |   385 ||   703
       Falchion          |       |    58 |   328 |   856 |  1011 ||  2253
       Scimitar          |       |       |       |     7 |       ||     7
       Demon blade       |       |       |       |       |   265 ||   265
Invok: Heroism           |       |       |     1 |     8 |     6 ||    15
       Finesse           |       |       |       |     2 |     4 ||     6
Evoke: Wand              |       |       |       |     1 |       ||     1
  Use: Scroll            |       |     5 |     1 |    17 |     8 ||    31
       Potion            |       |     1 |       |     2 |     3 ||     6
  Eat: Chunk             |       |     4 |    12 |    22 |    31 ||    69
       Ration            |       |       |       |     1 |       ||     1
Armor: Scale mail        |    28 |    22 |       |       |       ||    50
       Chain mail        |       |    59 |   118 |   193 |       ||   370
       Crystal plate arm |       |       |       |    91 |   468 ||   559
Dodge: Dodged            |    21 |    58 |    89 |   194 |   201 ||   563
Block: Shield            |    57 |    96 |   221 |   613 |   887 ||  1874
       Reflection        |       |       |       |     3 |       ||     3
       Rpst.: Long sword |     7 |    12 |       |       |       ||    19
       Falchion          |       |     3 |    27 |    42 |    35 ||   107
       Demon blade       |       |       |       |       |    11 ||    11
